 Dungeon Crawl Stone Soup version 0.19.0-2-gae57169 (webtiles) character file.

1162 Chiseanne the Ducker (level 8, 0/54 HPs)
             Began as a High Elf Artificer on Nov 6, 2016.
             Was an Initiate of Vehumet.
             Killed by vampiric draining
             ... invoked by Gravenous's ghost
              (17 damage)
             ... on level 5 of the Dungeon.
             The game lasted 00:20:49 (4801 turns).

Chiseanne the Ducker (High Elf Artificer)           Turns: 4801, Time: 00:20:49

Health: 0/54       AC: 16    Str:  7    XL:     8   Next: 17%
Magic:  12/12      EV: 12    Int: 17    God:    Vehumet [......]
Gold:   174        SH:  0    Dex: 16    Spells: 1 memorised, 4 levels left

rFire  . . .     SeeInvis +     w - +4 shortbow of Lushroshro {speed, rElec Str-4 SInv}
rCold  . . .     Gourm    .     y - +3 ring mail {rPois}
rNeg   . . .     Faith    .     (shield currently unavailable)
rPois  +         Spirit   .     l - +1 helmet
rElec  +         Reflect  .     (no cloak)
rCorr  .         Harm     .     n - +2 pair of gloves
MR     .....     Rnd*Tele +     (no boots)
Stlth  +.........               r - amulet of magic regeneration
                                m - +2 ring of protection
                                i - ring of poison resistance

@: no status effects
A: talons 1, screaming 1, teleportitis 1
a: Renounce Religion


You were on level 5 of the Dungeon.
You worshipped Vehumet.
Vehumet was noncommittal.
You were not hungry.

You visited 2 branches of the dungeon, and saw 6 of its levels.

You collected 174 gold pieces.

Inventory:

Hand Weapons
 a - a +0 whip of electrocution
 e - a +0 blowgun
 w - the +4 shortbow of Lushroshro (weapon) {speed, rElec Str-4 SInv}
   (You found it on level 4 of the Dungeon)

   Attacks with this weapon are significantly faster.
   It affects your strength (-4).
   It insulates you from electricity.
   It lets you see invisible.
Missiles
 b - 110 stones
 c - 4 poisoned needles
 g - 69 bolts
 k - 13 arrows (quivered)
 p - 16 sling bullets
 u - 6 needles of frenzy
 v - 5 poisoned tomahawks
 H - 4 tomahawks
Armour
 l - a +1 helmet (worn)
 n - a +2 pair of gloves (worn)
 y - a +3 ring mail of poison resistance (worn)
Jewellery
 i - a ring of poison resistance (left hand)
 m - a +2 ring of protection (right hand)
 r - an amulet of magic regeneration (around neck)
Wands
 d - a wand of enslavement (21/24)
Scrolls
 q - a scroll of amnesia
 s - a scroll of teleportation
 t - 4 scrolls of magic mapping
 G - a scroll of fog
Potions
 h - a potion of agility
 j - a potion of flight
Comestibles
 f - 4 bread rations
 x - 5 meat rations
 A - a fruit
 C - a beef jerky
 F - a royal jelly


   Skills:
 - Level 4.9 Fighting
   Level 1.2 Short Blades
 - Level 4.4 Bows
 * Level 4.2 Armour
 * Level 5.7 Dodging
 - Level 1.1 Stealth
 * Level 0.0 Spellcasting
 - Level 4.1 Evocations


You had 4 spell levels left.
You knew the following spells:

 Your Spells              Type           Power        Failure   Level  Hunger
a - Dazzling Spray        Conj/Hex       #.....       99%         3    ####...


Dungeon Overview and Level Annotations

Branches:
Dungeon (5/15)             Temple (1/1) D:5

Altars:
Ashenzari
Cheibriados
Dithmenos
Elyvilon
Fedhas
Gozag
Hepliaklqana
Kikubaaqudgha
Makhleb
Nemelex Xobeh
Okawaru
Qazlal
Ru
Sif Muna
Trog
Uskayaw
Vehumet
Xom
Yredelemnul
Zin

Annotations:
D:5 Gravenous's ghost, novice HuNe


Innate Abilities, Weirdness & Mutations

You have sharp toenails.
You occasionally shout uncontrollably at your foes.
You are occasionally teleported next to monsters.


Message History

You shoot an arrow.
The arrow closely misses Gravenous's ghost.
Firing (i - inventory. (,) - cycle):
k - 15 arrows (quivered)
Press: ? - help, Shift-Dir - straight line, f/p - Gravenous's ghost
Aim: Gravenous's ghost (heavily damaged)
You shoot an arrow.
The arrow barely misses Gravenous's ghost.
Gravenous's ghost hits you but does no damage.
Firing (i - inventory. (,) - cycle):
k - 14 arrows (quivered)
Press: ? - help, Shift-Dir - straight line, f/p - Gravenous's ghost
Aim: Gravenous's ghost (heavily damaged)
You shoot an arrow.
The arrow barely misses Gravenous's ghost.
Gravenous's ghost hits you but does no damage.
You see here an arrow.
You see here 2 arrows.
You see here 3 arrows.
There is an escape hatch in the ceiling here.
Gravenous's ghost is infused with unholy energy.
You die...

#. #.#
#. #.#
##.##.#
#.....#
#.....#
#.....#
#....##
#....#
###@##
#W# #(#
####(#
#((>(#
#.####
# # .#
#.


You could see Gravenous's ghost.

Vanquished Creatures
  Pikel (D:4)
  Grinder (D:4)
  An ice beast (D:5)
  3 slaves
  Blork the orc (D:4)
  The ghost of RobertPalmer the Cudgeler, a weakling HaAK of Lugonu (D:3)
  2 hounds (D:5)
  A jelly (D:3)
  4 worker ants
  Robin (D:4)
  A gnoll (D:2)
  4 adders
  An adder zombie (D:5)
  An adder skeleton (D:4)
  4 worms
  7 dart slugs
  5 leopard geckos
  3 orcs
  A ball python (D:4)
  6 giant cockroaches
  15 goblins
  6 hobgoblins
  An iguana (D:3)
  4 jackals (D:4)
  2 bats (D:2)
  5 frilled lizards
  4 kobolds
  A leopard gecko skeleton (D:4)
  4 rats
91 creatures vanquished.

Vanquished Creatures (collateral kills)
  2 gnolls (D:2)
  5 orcs
7 creatures vanquished.

Vanquished Creatures (others)
  A slave (D:4)
  An orc priest (D:4)
  A gnoll (D:2)
  An orc (D:3)
4 creatures vanquished.

Grand Total: 102 creatures vanquished

Notes
Turn   | Place    | Note
-------+----------+-------------------------------------------
     0 | D:1      | Chiseanne the High Elf Artificer began the quest for the Orb.
     0 | D:1      | Reached XP level 1. HP: 13/13 MP: 4/4
    93 | D:1      | Reached XP level 2. HP: 18/18 MP: 5/5
   267 | D:1      | Found a shattered altar of Ashenzari.
   754 | D:1      | Reached XP level 3. HP: 20/24 MP: 6/6
  1022 | D:2      | Found a faded altar of an unknown god.
  1046 | D:2      | Reached skill level 1 in Armour
  1495 | D:2      | Reached skill level 3 in Dodging
  1573 | D:2      | Found an ancient bone altar of Kikubaaqudgha.
  1574 | D:2      | Found a blossoming altar of Fedhas.
  1778 | D:2      | Reached XP level 4. HP: 29/29 MP: 7/7
  1811 | D:2      | Found a white marble altar of Elyvilon.
  1881 | D:3      | Noticed RobertPalmer's ghost (weakling HaAK)
  2010 | D:3      | Killed RobertPalmer's ghost
  2024 | D:3      | Found a shimmering altar of Xom.
  2064 | D:3      | Found a hide-covered altar of Uskayaw.
  2067 | D:3      | Noticed a dagger
  2068 | D:3      | Noticed a dagger
  2122 | D:3      | Reached XP level 5. HP: 35/35 MP: 8/8
  2298 | D:3      | Found a faded altar of an unknown god.
  2298 | D:3      | Found a deep blue altar of Sif Muna.
  2303 | D:3      | Found a faded altar of an unknown god.
  2305 | D:3      | Found a faded altar of an unknown god.
  2307 | D:3      | Found a faded altar of an unknown god.
  2612 | D:4      | Noticed Blork the orc
  2622 | D:4      | Noticed Robin
  2632 | D:4      | Killed Blork the orc
  2632 | D:4      | Reached skill level 4 in Dodging
  2632 | D:4      | Reached XP level 6. HP: 42/42 MP: 8/10
  2655 | D:4      | Killed Robin
  2686 | D:4      | Got a dazzling shortbow
  2709 | D:4      | Noticed Grinder
  2802 | D:3      | Identified the +4 shortbow of Lushroshro {speed, rElec Str-4 SInv} (You found it on level 4 of the Dungeon)
  2842 | D:4      | Noticed a slave
  2842 | D:4      | Noticed a slave
  2843 | D:4      | Noticed a slave
  2844 | D:4      | Noticed a slave
  2876 | D:3      | Gained mutation: You occasionally shout uncontrollably at your foes. [potion of mutation]
  2876 | D:3      | Gained mutation: You have sharp toenails. [potion of mutation]
  2876 | D:3      | Gained mutation: You are occasionally teleported next to monsters. [potion of mutation]
  2881 | D:3      | HP: 2/42 [slave[Pikel] (5)]
  2885 | D:3      | Killed a slave
  3279 | D:4      | Killed Grinder
  3279 | D:4      | Reached skill level 1 in Bows
  3440 | D:4      | Reached XP level 7. HP: 43/47 MP: 11/11
  3623 | D:4      | Noticed Pikel
  3689 | D:4      | Killed Pikel
  3689 | D:4      | Reached skill level 5 in Dodging
  4108 | D:4      | Found a shimmering altar of Xom.
  4165 | D:5      | Entered Level 5 of the Dungeon
  4165 | D:5      | Found a staircase to the Ecumenical Temple.
  4165 | D:5      | Noticed Gravenous's ghost (novice HuNe)
  4508 | D:5      | Reached XP level 8. HP: 54/54 MP: 12/12
  4532 | D:5      | Found a sparkling altar of Nemelex Xobeh.
  4559 | D:5      | Learned a level 3 spell: Dazzling Spray
  4606 | Temple   | Entered the Ecumenical Temple
  4750 | Temple   | Became a worshipper of Vehumet
  4801 | D:5      | Killed from afar by Gravenous's ghost

Skill      XL: |  1  2  3  4  5  6  7 |
---------------+----------------------+-----
Fighting       | 2 3 4 |  4.9
Armour         | 1 2 3 4 |  4.2
Dodging        | 3 4 5 |  5.7
Evocations     | 4 |  4.1
Bows           | 2 4 |  4.4
Short Blades   | |  1.2
Stealth        | |  1.1

Action                   |  1- 3 |  4- 6 |  7- 9 || total
-------------------------+-------+-------+-------++-------
Melee: Short sword       |   129 |   127 |       ||   256
       Kick              |       |     2 |    20 ||    22
       Long sword        |       |       |    27 ||    27
       Whip              |       |       |    55 ||    55
 Fire: Shortbow          |       |    33 |    78 ||   111
Evoke: Wand              |     4 |    29 |     3 ||    36
  Use: Scroll            |    10 |     5 |     4 ||    19
       Potion            |       |    10 |     1 ||    11
 Stab: Sleeping          |     1 |       |       ||     1
       Distracted        |     1 |       |       ||     1
  Eat: Chunk             |     3 |     5 |     3 ||    11
       Pizza             |       |       |     1 ||     1
Armor: Leather armour    |     6 |       |       ||     6
       Ring mail         |    31 |    43 |    48 ||   122
       Skin              |       |   134 |       ||   134
Dodge: Dodged            |    64 |    78 |    60 ||   202
       Rpst.: Long sword |       |       |     6 ||     6
